 Dungeon Crawl Stone Soup version 0.30-a0-1161-g0704695555 (webtiles) character file.

Game seed: 5116451413927576051

16076 zazu2006 the Tainter (level 12, -2/100 HPs)
             Began as a Naga Hedge Wizard on Apr 27, 2023.
             Was a Priest of Vehumet.
             Slain by an ice devil (18 damage)
             ... in an ice cave.
             The game lasted 00:50:40 (15320 turns).

zazu2006 the Tainter (Naga Hedge Wizard)           Turns: 15320, Time: 00:50:41

Health: -2/100     AC:  9    Str: 17    XL:     12   Next: 33%
Magic:  21/25      EV: 11    Int: 19    God:    Vehumet [***...]
Gold:   861        SH:  5    Dex: 11    Spells: 15/29 levels left

rFire   . . .        D - staff of air
rCold   . . .        (no shield)
rNeg    . . .        H - +0 troll leather armour
rPois   +            c - +0 hat
rElec   +            N - +1 cloak
rCorr   .            g - +0 pair of gloves
SInv    +            (no barding)
Will    ++...        h - amulet of reflection
Stlth   ++++         v - ring of willpower
HPRegen 1.16/turn    G - ring of wizardry
MPRegen 0.19/turn

%: reflection, wizardry (x1)
@: very slow
A: AC +4, large, see invisible, deformed body, poison resistance, slowness 2,
spit poison 1, naga tail 1, clever 1, strong 1
a: Spit Poison, Renounce Religion


You were in an ice cave.
You worshipped Vehumet.
Vehumet was most pleased with you.
You visited 3 branches of the dungeon, and saw 13 of its levels.
You also visited: Bailey and Ice Cave.

You collected 871 gold pieces.
You spent 10 gold pieces at shops.

Inventory:

Hand Weapons
 F - a +2 short sword of holy wrath
Missiles
 M - a throwing net
Armour
 c - a +0 hat (worn)
 g - a +0 pair of gloves (worn)
 m - the +0 kite shield of the Hammering Gods {rC+ rN+ Str+5 Int-4}
   (You found it in a bailey)

   Str:       It affects your strength (+5).
   Int:       It affects your intelligence (-4).
   rC:        It protects you from cold.
   rN:        It protects you from negative energy.
 E - the +8 plate armour of Bugitach {rPois rN+}
   (You found it in a bailey)

   rPois:     It protects you from poison.
   rN:        It protects you from negative energy.
 H - a +0 troll leather armour (worn)
 N - a +1 cloak (worn)
Magical Staves
 D - a staff of air (weapon)
Jewellery
 h - an amulet of reflection (around neck)
 v - a ring of willpower (left hand)
 G - a ring of wizardry (right hand)
 O - a ring of ice
Wands
 p - a wand of flame (6)
 r - a wand of digging (8)
 B - a wand of charming (7)
Scrolls
 d - 4 scrolls of teleportation
 e - 5 scrolls of immolation
 f - 2 scrolls of noise
 i - a scroll of fear {unknown}
 k - a scroll of amnesia
 l - a scroll of torment {unknown}
 n - a scroll of acquirement {unknown}
 s - 2 scrolls of poison
 y - 2 scrolls of butterflies {unknown}
 C - 2 scrolls of fog {unknown}
 I - a scroll of silence {unknown}
 J - 2 scrolls of identify
Potions
 j - 5 potions of curing
 o - 2 potions of attraction
 q - 2 potions of heal wounds
 t - 2 potions of berserk rage
 u - 3 potions of might
 w - 2 potions of haste {unknown}
 x - a potion of resistance
 z - 3 potions of brilliance {unknown}
 A - 5 potions of lignification
 L - a potion of invisibility {unknown}
 P - a potion of mutation


   Skills:
 + Level 4.5 Fighting
 + Level 4.1 Staves
 + Level 2.0 Armour
 + Level 5.1 Dodging
 + Level 9.4 Stealth
 + Level 0.6 Shields
 + Level 9.4 Spellcasting
 + Level 8.2 Conjurations
 + Level 1.0 Summonings
 + Level 1.4 Translocations
 * Level 4.9 Air Magic
 - Level 11.8 Poison Magic
 + Level 2.5 Evocations


You had 15 spell levels left.
You knew the following spells:

 Your Spells              Type           Power      Damage    Failure   Level
a - Magic Dart            Conj           100%       1d8       1%          1
b - Mephitic Cloud        Conj/Pois/Air  57%        N/A       1%          3
c - Poisonous Vapours     Pois/Air       100%       N/A       1%          2
d - Blink                 Tloc           28%        N/A       3%          2
e - Airstrike             Air            20%        2d(3-19)  1%          4
f - Searing Ray           Conj           80%        2d7       1%          2

Your spell library contained the following spells:

 Spells                   Type           Power      Damage    Failure   Level
 Cigotuvi's Dreadful Rot  Necr/Pois/Air  90%        N/A       1%          2
 Fulminant Prism          Conj/Hex       12%        3d8       2%          4
 Slow                     Hex            32%        N/A       4%          1
 Call Imp                 Summ           24%        N/A       4%          2
 Cause Fear               Hex            4%         N/A       34%         4
 Dragon Form              Tmut           4%         N/A       100%        7
 Dragon's Call            Summ           6%         N/A       100%        9


Dungeon Overview and Level Annotations

Branches:
Dungeon (11/15)            Temple (1/1) D:7            Lair (0/5) D:11
    Orc (1/2) D:11         Bailey (visited)           IceCv (1/1)

Altars:
Ashenzari
Cheibriados
Elyvilon
Fedhas
Gozag
Kikubaaqudgha
Makhleb
Nemelex Xobeh
Qazlal
Ru
Sif Muna
Uskayaw
Vehumet
Xom
Zin

Shops:
D:6 !

Annotations:
D:3 1 runed translucent door, NeonRainbow's ghost, amateur OgGl
D:11 4 runed translucent doors IceCv exclusion: 2 ice statues


Innate Abilities, Weirdness & Mutations

Your serpentine skin is tough. (AC +4)
You have supernaturally acute eyesight. (SInv)
Armour fits poorly on your strangely shaped body.
Your system is resistant to poisons. (rPois)
You cover ground very slowly.
You can spit poison.
You have a snake-like lower body.
Your mind is acute. (Int +4, Str/Dex -1)
Your muscles are strong. (Str +4, Int/Dex -1)


Message History

The ice devil moves out of view.
Okay, then.
Casting: Searing Ray (safe; 1% risk of failure)
Confirm with . or Enter, or press ? or * to list all spells.
Aiming: Searing Ray (safe; 1% risk of failure)
Press: ? - help, Shift-Dir - straight line, f - ice devil
Aim: an ice devil (82% to hit)
The searing ray hits the ice devil but does no damage. (Press . to maintain the ray.)
The searing ray hits the ice devil.
The ice devil is lightly wounded.
The searing ray misses the ice devil.
The ice devil hits you! The ice devil freezes you!!
The searing ray hits the ice devil but does no damage.
The ice devil is lightly wounded.
You finish channelling your searing ray.
The ice devil hits you. The ice devil freezes you!! The ice devil hits you.
The ice devil freezes you!!
* * * LOW HITPOINT WARNING * * *
The ice devil hits you.
* * * LOW HITPOINT WARNING * * *
The ice devil freezes you!!
* * * LOW HITPOINT WARNING * * *
Casting: Searing Ray (safe; 1% risk of failure)
Confirm with . or Enter, or press ? or * to list all spells.
You blink.
As you read the scroll labelled FUHOTOA IBYFI, it crumbles to dust.
You feel strangely unstable.
It was a scroll of teleportation.
Your surroundings suddenly seem different.
You feel stable enough to blink again.
The ice statue gestures.
As you read the scroll of teleportation, it crumbles to dust.
You feel strangely unstable.
The ice statue gestures.
The ice statue gestures. x2
Your surroundings suddenly seem different.
The ice devil hits you!
* * * LOW HITPOINT WARNING * * *
The ice devil freezes you!!
You die...

#.........Y#
#8#....#8###
####..####
##..# ##..##
#..## #...##
##...##
##.@.#
##.4.#
#...##
##...##
##.....##
#...∩...#
#.......#
##..∩..##
##...##


You could see an ice devil.

Vanquished Creatures
  A centaur warrior (D:11)
  A death knight (D:11)
  A boulder beetle (D:11)
  3 cyclopes
  A manticore (D:11)
  Joseph (D:7)
  3 rime drakes
  A yaktaur (D:11)
  A polar bear (D:11)
  Grinder (D:4)
  3 trolls (D:11)
  A hornet (D:9)
  2 shadows
  17 yaks
  A wraith (D:10)
  2 wyverns
  A warg (Orc:1)
  A water moccasin (D:7)
  15 orc warriors
  A black bear (D:7)
  3 ogres
  4 ice beasts
  A sky beast (D:6)
  A wolf (D:11)
  10 centaurs
  3 phantoms
  A kobold brigand (D:8)
  A bullfrog (D:7)
  A gnoll sergeant (D:7)
  2 scorpions (D:5)
  A two-headed ogre simulacrum (IceCv)
  5 wights (D:9)
  2 electric eels (D:9)
  5 howler monkeys
  7 hounds
  2 gnoll boudas
  A jelly (D:6)
  7 orc priests
  Natasha (thrice) (D:3)
  8 iguanas
  3 sleepcaps
  9 orc wizards
  14 gnolls
  4 adders
  5 white imps
  2 worms (D:2)
  54 orcs
  5 bats
  2 endoplasms
  3 giant cockroaches
  11 goblins
  4 hobgoblins
  2 jackals (D:2)
  6 quokkas
  8 ball pythons
  5 frilled lizards
  6 kobolds
  4 rats
273 creatures vanquished.

Vanquished Creatures (collateral kills)
  An orc high priest (Orc:1)
  3 orc warriors (Orc:1)
  An ice beast (D:11)
  A wolf (D:11)
  A wight (D:9)
  A howler monkey (D:9)
  An orc priest (Orc:1)
  An orc (Orc:1)
10 creatures vanquished.

Vanquished Creatures (others)
  A vampire (D:10)
  2 acid dragons (D:11)
  A wight (D:9)
  An electric eel (D:9)
  An orc (D:9)
6 creatures vanquished.

Grand Total: 289 creatures vanquished

Notes
Turn   | Place    | Note
-------+----------+-------------------------------------------
     0 | D:1      | zazu2006 the Naga Hedge Wizard began the quest for the Orb.
     0 | D:1      | Reached XP level 1. HP: 15/15 MP: 4/4
   322 | D:1      | Reached XP level 2. HP: 21/22 MP: 3/6
   963 | D:2      | Noticed a phantom
  1004 | D:2      | Reached XP level 3. HP: 16/28 MP: 0/7
  1008 | D:2      | Learned a level 3 spell: Mephitic Cloud
  1011 | D:2      | Learned a level 2 spell: Blink
  1078 | D:2      | Found a faded altar of an unknown god.
  1502 | D:2      | Killed a phantom
  1503 | D:2      | Reached XP level 4. HP: 24/37 MP: 0/10
  2104 | D:3      | Noticed Natasha
  2116 | D:3      | Killed Natasha
  2117 | D:3      | Reached XP level 5. HP: 38/43 MP: 4/11
  2239 | D:3      | Noticed Natasha
  2251 | D:3      | Killed Natasha
  2588 | D:3      | Found a runed translucent door.
  2591 | D:3      | Noticed NeonRainbow's ghost (amateur OgGl)
  2958 | D:3      | Noticed Natasha
  2969 | D:3      | Killed Natasha
  2970 | D:3      | Reached skill level 1 in Poison Magic
  3212 | D:4      | Found a blossoming altar of Fedhas.
  3460 | D:4      | Reached XP level 6. HP: 44/50 MP: 6/12
  3699 | D:4      | Noticed Grinder
  3732 | D:4      | Gained mutation: You are clumsy. (Dex -2) [potion of
                  | mutation]
  3732 | D:4      | Gained mutation: You sometimes lose your temper in combat.
                  | [potion of mutation]
  3732 | D:4      | Gained mutation: You expend magic power (3 MP) to
                  | strengthen your wands. [potion of mutation]
  3737 | D:4      | Paralysed by Grinder for 4 turns
  3743 | D:4      | Killed Grinder
  3744 | D:4      | Reached skill level 1 in Fighting
  3744 | D:4      | Reached skill level 2 in Poison Magic
  3744 | D:4      | Reached XP level 7. HP: 23/57 MP: 1/14
  3747 | D:4      | Lost mutation: You are clumsy. (Dex -2) [potion of
                  | mutation]
  3747 | D:4      | Lost mutation: You sometimes lose your temper in combat.
                  | [potion of mutation]
  3747 | D:4      | Lost mutation: You expend magic power (3 MP) to strengthen
                  | your wands. [potion of mutation]
  3747 | D:4      | Gained mutation: Your muscles are strong. (Str +4, Int/Dex
                  | -1) [potion of mutation]
  3747 | D:4      | Gained mutation: Your mind is acute. (Int +4, Str/Dex -1)
                  | [potion of mutation]
  4101 | D:4      | Reached skill level 5 in Spellcasting
  4299 | D:5      | Entered Level 5 of the Dungeon
  4335 | D:5      | Reached skill level 3 in Poison Magic
  4732 | D:5      | Reached skill level 1 in Air Magic
  4874 | D:5      | Reached XP level 8. HP: 60/64 MP: 12/16
  5166 | D:5      | Found a shimmering altar of Xom.
  5288 | D:5      | Reached skill level 4 in Poison Magic
  5424 | D:6      | Found an ancient bone altar of Kikubaaqudgha.
  5573 | D:6      | Found Yduive's Distillery.
  5579 | D:6      | Bought a potion of degeneration for 10 gold pieces
  5609 | D:6      | Reached skill level 5 in Conjurations
  5864 | D:6      | Reached skill level 5 in Stealth
  6270 | D:6      | Found an opulent altar of Gozag.
  6305 | D:6      | Reached skill level 5 in Poison Magic
  6651 | D:7      | Reached XP level 9. HP: 66/73 MP: 14/18
  6853 | D:7      | Reached skill level 1 in Evocations
  7161 | D:7      | Reached skill level 1 in Staves
  7161 | D:7      | Reached skill level 6 in Poison Magic
  7455 | D:7      | Noticed Joseph
  7487 | D:7      | Killed Joseph
  8131 | D:7      | Found a staircase to the Ecumenical Temple.
  8202 | Temple   | Entered the Ecumenical Temple
  8214 | Temple   | Became a worshipper of Vehumet
  8268 | D:8      | Found a sacrificial altar of Ru.
  8398 | D:8      | Found a flagged portal.
  8408 | Bailey   | Entered a bailey
  8747 | Bailey   | Reached skill level 7 in Poison Magic
  8749 | Bailey   | Reached XP level 10. HP: 84/84 MP: 14/20
  8765 | Bailey   | Reached * piety under Vehumet
  8765 | Bailey   | Offered knowledge of Foxfire by Vehumet.
  8785 | Bailey   | Identified the +0 kite shield of the Hammering Gods {rC+
                  | rN+ Str+5 Int-4}
  8788 | Bailey   | Identified the +8 plate armour of Bugitach {rPois rN+}
  9747 | D:8      | Offered knowledge of Static Discharge by Vehumet.
 10140 | D:9      | Found a sparkling altar of Nemelex Xobeh.
 10161 | D:9      | Reached ** piety under Vehumet
 10165 | D:9      | Reached skill level 8 in Poison Magic
 10415 | D:9      | Found a hide-covered altar of Uskayaw.
 10689 | D:9      | Reached XP level 11. HP: 91/91 MP: 19/23
 10726 | D:9      | Found a burning altar of Makhleb.
 10857 | D:9      | Offered knowledge of Poisonous Vapours by Vehumet.
 11000 | D:9      | Reached skill level 9 in Poison Magic
 11519 | D:9      | Found a runed translucent door.
 11519 | D:9      | Noticed a cyclops
 11520 | D:9      | Noticed a cyclops
 11552 | D:9      | Killed a cyclops
 11805 | D:10     | Entered Level 10 of the Dungeon
 12675 | D:10     | Reached *** piety under Vehumet
 12723 | D:10     | Noticed a boulder beetle
 12780 | D:9      | Learned a level 2 spell: Poisonous Vapours
 12886 | D:9      | Noticed a wolf spider
 12891 | D:9      | Noticed a four-headed hydra
 13398 | D:11     | Found a staircase to the Lair.
 13566 | D:11     | Noticed a manticore
 13591 | D:11     | Killed a manticore
 13592 | D:11     | Reached skill level 10 in Poison Magic
 13663 | D:11     | Noticed a green ugly thing
 13770 | D:11     | Noticed a centaur warrior
 13790 | D:11     | Killed a centaur warrior
 13791 | D:11     | Reached skill level 1 in Armour
 13916 | D:11     | Noticed a cyclops
 13927 | D:11     | Killed a cyclops
 13928 | D:11     | Found a large runed translucent door.
 13928 | D:11     | Found a large runed translucent door.
 13944 | D:11     | Noticed a death knight
 13996 | D:11     | Killed a death knight
 13997 | D:11     | Reached skill level 5 in Dodging
 14094 | D:11     | Noticed a cyclops
 14109 | D:11     | Killed a cyclops
 14110 | D:11     | Reached XP level 12. HP: 70/100 MP: 13/25
 14214 | D:11     | Identified the +5 war axe "Hellblazer" {flame, *Noise rN+++
                  | rCorr Stlth-}
 14244 | D:11     | Found a large runed translucent door.
 14244 | D:11     | Found a large runed translucent door.
 14257 | D:11     | Noticed a boulder beetle
 14261 | D:11     | Reached skill level 11 in Poison Magic
 14272 | D:11     | Killed a boulder beetle
 14358 | D:11     | Found a staircase to the Orcish Mines.
 14667 | Orc:1    | Entered Level 1 of the Orcish Mines
 14667 | Orc:1    | Noticed an orc high priest
 14689 | Orc:1    | Killed an orc high priest
 14702 | Orc:1    | Offered knowledge of Airstrike by Vehumet.
 14754 | Orc:1    | Learned a level 4 spell: Airstrike
 14795 | Orc:1    | Found a frozen archway.
 14851 | IceCv    | Entered an ice cave
 14938 | IceCv    | Learned a level 2 spell: Searing Ray
 15320 | IceCv    | Slain by an ice devil

Illustrated notes

Levels and vault maps discovered:
D:1:      dpeg_arrival_pond, layout_rooms
D:2:      layout_loops_ring, hellmonk_ecumenical_altar_zigzags
D:3:      layout_basic, ebering_ghost_reflecting_pool, uniq_natasha
D:4:      layout_gridville, fedhas_altar_2, uniq_grinder
D:5:      layout_rooms, amcnicky_altar_gilded
D:6:      layout_loops_ring, nicolae_overflow_crystal_walls, pf_just_have_faith,
          serial_shops, nicolae_shop_industrial_runoff,
          minmay_misc_feat_enclosed
D:7:      lemuel_ice_spiral_2, layout_basic, minmay_temple_entry_poolview,
          grunt_ministairs_2, uniq_joseph
D:8:      layout_loops_corners, mainiacjoe_overflow_cross_hatched,
          enter_bailey_5, special_room [special_room_orc],
          chequers_serial_rivers_small_3, hangedman_abyss_or_decor_clamps
D:9:      layout_loops_cross, mainiacjoe_overflow_concentric_impassable,
          mainiacjoe_overflow_catch_the_wave, minivault_13
D:10:     layout_roguey, uniq_snorg
D:11:     minmay_the_grid_triangle_9x9_line_8_mashed
          [minmay_the_grid_triangle_9x9_sprig,
          minmay_the_grid_triangle_9x9_warning,
          minmay_the_grid_triangle_9x9_zippers_horizontal,
          minmay_the_grid_triangle_9x9_dagger,
          minmay_the_grid_triangle_9x9_windchime,
          minmay_the_grid_triangle_9x9_corrupted_corridor,
          minmay_the_grid_triangle_9x9_thin_v,
          minmay_the_grid_triangle_9x9_prize_schism], layout_loops_corners,
          hellmonk_lair_entry_icy, minmay_hollow_rounded_squares
Temple:   nicolae_temple_superstar
Orc:1:    layout_caves, portal_ice_cave_rime
IceCv:    ice_cave_small_demon

Skill      XL: |  1  2  3  4  5  6  7  8  9 10 11 12 |
---------------+-------------------------------------+-----
Dodging        | 2 3 4 5 |  5.1
Spellcasting   | 4 5 6 7 8 9 |  9.4
Conjurations   | 2 3 4 5 6 7 8 |  8.2
Poison Magic   | 1 2 3 5 7 8 10 11 | 11.8
Stealth        | 4 5 6 7 9 |  9.4
Fighting       | 1 2 3 4 |  4.5
Air Magic      | 1 2 3 4 |  4.9
Evocations     | 1 2 |  2.5
Staves         | 2 3 4 |  4.1
Armour         | 1 2 |  2.0
Shields        | |  0.6
Summonings     | |  1.0
Translocations | |  1.4

Action                     |  1- 3 |  4- 6 |  7- 9 | 10-12 || total
---------------------------+-------+-------+-------+-------++-------
  Melee: Dagger            |    10 |    31 |    91 |       ||   132
         Punch             |       |     1 |     3 |     3 ||     7
         Staff             |       |       |    55 |   199 ||   254
         Short sword       |       |       |       |    20 ||    20
   Cast: Magic Dart        |    81 |    47 |   258 |   247 ||   633
         Mephitic Cloud    |       |     4 |    34 |    81 ||   119
         Blink             |       |       |       |     8 ||     8
         Poisonous Vapours |       |       |       |    35 ||    35
         Searing Ray       |       |       |       |    10 ||    10
         Airstrike         |       |       |       |     3 ||     3
Ability: Spit Poison       |     8 |     5 |    34 |    41 ||    88
  Evoke: Wand              |       |       |    12 |    41 ||    53
    Use: Potion            |     2 |     4 |     3 |     3 ||    12
         Scroll            |       |       |     7 |     6 ||    13
   Stab: Sleeping          |     1 |       |     2 |     1 ||     4
         Confused          |       |     2 |     8 |    28 ||    38
 Armour: Robe              |    12 |     7 |    60 |    65 ||   144
         Troll leather arm |       |       |       |    58 ||    58
  Dodge: Dodged            |    15 |    18 |   118 |   191 ||   342
  Block: Other             |       |       |       |    56 ||    56
         Reflection        |       |       |       |     4 ||     4

Table legend: (Time is in decaauts)
 A = Elapsed time spent in this place.
 B = Non-inter-level travel time spent in this place.
 C = Inter-level travel time spent in this place.
 D = Time resting spent in this place.
 E = Time spent auto-exploring this place.
 F = Levels seen in this place.
 G = Mean time per level.
                   A        B        C        D        E       F      G
               +--------+--------+--------+--------+--------+-----+--------+
         Total |  18557 |  18111 |    446 |    512 |  13735 |  15 | 1237.1 |
       Dungeon |  17103 |  16683 |    420 |    251 |  13292 |  11 | 1554.8 |
        Temple |     57 |     32 |     25 |      0 |     16 |   1 |   57.0 |
  Orcish Mines |    203 |    203 |      0 |     56 |      0 |   1 |  203.0 |
        Bailey |    680 |    680 |      0 |      0 |    345 |   1 |  680.0 |
      Ice Cave |    512 |    512 |      0 |    205 |     81 |   1 |  512.0 |
               +--------+--------+--------+--------+--------+-----+--------+

Top non-repeatable levels by time:
     D:9: 2258 daAuts
    D:11: 2050 daAuts
     D:7: 1892 daAuts
     D:3: 1861 daAuts
     D:8: 1626 daAuts
     D:6: 1481 daAuts
     D:4: 1378 daAuts
     D:2: 1307 daAuts
     D:5: 1283 daAuts
    D:10: 1110 daAuts
     D:1: 852 daAuts
  Bailey: 680 daAuts
   IceCv: 512 daAuts
   Orc:1: 203 daAuts
  Temple: 57 daAuts
